 Dungeon Crawl Stone Soup version 0.19.0-19-g8c6edcc (webtiles) character file.

7918 tognito the Cleaver (level 11, -5/156 HPs)
             Began as a Minotaur Berserker on Nov 12, 2016.
             Was a High Priest of Trog.
             Killed from afar by a fire dragon (27 damage)
             ... with a blast of flame
             ... on level 9 of the Dungeon.
             The game lasted 00:24:42 (8275 turns).

tognito the Cleaver (Minotaur Berserker)            Turns: 8275, Time: 00:24:43

Health: -5/156     AC: 16    Str: 30    XL:     11   Next: 3%
Magic:  10/10      EV: 14    Int:  4    God:    Trog [*****.]
Gold:   518        SH:  0    Dex: 10    Spells: 0 memorised, 10 levels left

rFire  . . .     SeeInvis .     a - +4 battleaxe
rCold  + . .     Gourm    .     D - quicksilver dragon scales
rNeg   . . .     Faith    +     (shield currently unavailable)
rPois  .         Spirit   .     (helmet restricted)
rElec  .         Reflect  .     d - +0 cloak
rCorr  .         Harm     .     s - +1 pair of gloves {archery}
MR     +....                    (no boots)
Stlth  ..........               G - amulet of faith
                                y - ring of protection from cold
                                g - ring of flight

@: berserking, very quick
A: retaliatory headbutt, horns 2, wild magic 1
a: Berserk, Trog's Hand, Brothers in Arms, Burn Spellbooks, Renounce Religion,
Evoke Flight


You were on level 9 of the Dungeon.
You worshipped Trog.
Trog was extremely pleased with you.
You were very hungry.

You visited 1 branch of the dungeon, and saw 9 of its levels.

You collected 518 gold pieces.

Inventory:

Hand Weapons
 a - a +4 battleaxe (weapon)
Missiles
 i - 5 poisoned javelins (quivered)
 n - 88 bolts
Armour
 d - a +0 cloak (worn)
 l - a +0 plate armour
 s - a +1 pair of gloves of archery (worn)
 D - quicksilver dragon scales (worn)
Jewellery
 g - a ring of flight (left hand)
 y - a ring of protection from cold (right hand)
 G - an amulet of faith (around neck)
Wands
 t - a wand of slowing (21/48)
 u - a wand of random effects (48/48)
 w - a wand of flame (15/48)
 C - a wand of iceblast (7/15)
 E - a wand of slowing (14/48)
Scrolls
 b - 2 scrolls of remove curse
 e - 5 scrolls of teleportation
 k - 7 scrolls of identify
 o - 4 scrolls of magic mapping
 r - a scroll of blinking
 v - a scroll of recharging
 z - a scroll of fog
 B - a scroll of enchant armour
Potions
 f - a potion of ambrosia
 m - 5 potions of heal wounds
 q - a potion of curing
 x - 2 potions of flight
Comestibles
 c - 6 bread rations
 h - 3 slices of pizza
 j - 25 fruits
 p - 6 meat rations
 A - 2 beef jerkies
 F - a royal jelly


   Skills:
 * Level 12.1 Fighting
 * Level 12.6 Axes
 + Level 8.6 Armour
 + Level 7.1 Dodging


You had 10 spell levels left.
You didn't know any spells.

Dungeon Overview and Level Annotations

Branches:
Dungeon (9/15)             Temple (0/1) D:4            Lair (0/6) D:9
    Orc: D:9-12

Altars:
Ashenzari
Elyvilon
Hepliaklqana
Okawaru
Qazlal
Sif Muna
Xom
Yredelemnul

Shops:
D:4 %   D:5 (   D:8 *   D:9 }


Innate Abilities, Weirdness & Mutations

You reflexively headbutt those who attack you in melee.
You have a pair of horns on your head.
Your spells are a little harder to cast, but a little more powerful.


Message History

You are feeling very hungry.
The fire dragon bites you.
* * * LOW HITPOINT WARNING * * *
The fire dragon claws you but does no damage.
The fire dragon tramples you.
* * * LOW HITPOINT WARNING * * *
You stumble backwards!
You closely miss the fire dragon.
The fire dragon is moderately wounded.
The fire dragon barely misses you. You furiously retaliate!
You headbutt the fire dragon.
The fire dragon claws you but does no damage.
The fire dragon tramples you.
* * * LOW HITPOINT WARNING * * *
You hold your ground!
You hit the fire dragon. You headbutt the fire dragon.
The fire dragon is heavily wounded.
The fire dragon breathes flames at you. The blast of flame hits you!
You die...

#.##########.†.........#..
#.# #...........#.. #.#
#...........#.. #.#
#+##...........#.. #.#
#..#...........#.. #.#
#..#...#########..
#.#######'##...#..........
#.#..'..'D.#..+#..........
#.'..#..#@.#..............
#.##########..............
#.........)...............
#...............<.........
#######.....#.#...........
#......∩............
#.....#.#.......###.
#(............### #.
#.............# #.


You could see a fire dragon.

Vanquished Creatures
  A hill giant (D:9)
  The ghost of equalderp2856 the Covert, a novice FeFi (D:8)
  2 komodo dragons (D:9)
  A hornet (D:9)
  4 yaks (D:9)
  A human (D:8)
  2 hungry ghosts (D:9)
  A mottled dragon (D:9)
  2 water moccasins
  4 ice beasts
  4 sky beasts
  3 black bears
  An orc warrior (D:9)
  The ghost of Philosophy the Chopper, an amateur HOBe of Trog (D:3)
  3 phantoms
  4 ogres
  A crocodile (D:9)
  3 centaurs
  A big kobold (D:8)
  4 bullfrogs
  A wyvern skeleton (D:7)
  A water moccasin skeleton (D:5)
  2 scorpions
  11 killer bees
  9 wights
  5 howler monkeys
  10 crimson imps
  A bullfrog zombie (D:6)
  A quasit (D:6)
  A jelly (D:8)
  4 hounds
  9 orc wizards
  A bullfrog skeleton (D:7)
  A centaur skeleton (D:7)
  An orc priest (D:5)
  4 iguanas (D:9)
  9 worker ants
  A hound zombie (D:7)
  A hound skeleton (D:4)
  14 adders
  3 gnolls (D:4)
  A howler monkey skeleton (D:9)
  2 oozes
  2 worms
  2 dart slugs
  11 leopard geckos
  35 orcs
  4 giant cockroaches
  8 goblins
  6 hobgoblins
  9 jackals
  4 quokkas
  3 ball pythons
  3 bats
  2 frilled lizards
  2 jackal skeletons
  10 kobolds
  A leopard gecko skeleton (D:4)
  A leopard gecko zombie (D:7)
  A quokka zombie (D:6)
  6 rats
  2 fungi (D:4)
249 creatures vanquished.

Vanquished Creatures (others)
  A fungus (D:4)
1 creature vanquished.

Grand Total: 250 creatures vanquished

Notes
Turn   | Place    | Note
-------+----------+-------------------------------------------
     0 | D:1      | tognito the Minotaur Berserker began the quest for the Orb.
     0 | D:1      | Reached XP level 1. HP: 19/19 MP: 0/0
   115 | D:1      | Reached XP level 2. HP: 3/27 MP: 1/1
   382 | D:1      | Gained mutation: You have large cloven feet. [potion of mutation]
   382 | D:1      | Gained mutation: Your spells are a little harder to cast, but a little more powerful. [potion of mutation]
   382 | D:1      | Gained mutation: You are frail. (-10% HP) [potion of mutation]
   563 | D:1      | Found an iron altar of Okawaru.
   720 | D:2      | Found a faded altar of an unknown god.
   816 | D:2      | Reached XP level 3. HP: 24/29 MP: 2/2
   840 | D:2      | Reached ** piety under Trog
  1194 | D:2      | Reached XP level 4. HP: 31/36 MP: 3/3
  1719 | D:3      | Lost mutation: You have large cloven feet. [potion of cure mutation]
  1719 | D:3      | Lost mutation: You are frail. (-10% HP) [potion of cure mutation]
  1792 | D:3      | Reached skill level 5 in Axes
  1823 | D:3      | Noticed a sky beast
  1828 | D:3      | Killed a sky beast
  1828 | D:3      | Reached skill level 5 in Fighting
  1828 | D:3      | Reached XP level 5. HP: 23/48 MP: 4/4
  2027 | D:3      | Noticed Philosophy's ghost (amateur HOBe)
  2041 | D:3      | Killed Philosophy's ghost
  2041 | D:3      | Reached XP level 6. HP: 56/57 MP: 5/5
  2253 | D:4      | Found a staircase to the Ecumenical Temple.
  2325 | D:4      | Found a shattered altar of Ashenzari.
  2651 | D:4      | Reached *** piety under Trog
  2711 | D:4      | Reached XP level 7. HP: 53/63 MP: 6/6
  2852 | D:4      | Found Onus Sau's Food Shoppe.
  3084 | D:5      | Entered Level 5 of the Dungeon
  3084 | D:5      | Found Muhoowko's Antique Weapon Boutique.
  3257 | D:5      | Found a white marble altar of Elyvilon.
  3360 | D:5      | Found a basalt altar of Yredelemnul.
  3367 | D:5      | Found a deep blue altar of Sif Muna.
  3460 | D:5      | Found a shattered altar of Ashenzari.
  3605 | D:5      | Found a hazy altar of Hepliaklqana.
  3625 | D:5      | Found a shimmering altar of Xom.
  3679 | D:5      | Reached skill level 5 in Armour
  3714 | D:6      | Reached XP level 8. HP: 72/73 MP: 7/7
  3791 | D:6      | Reached **** piety under Trog
  4501 | D:7      | Reached XP level 9. HP: 83/83 MP: 8/8
  4504 | D:7      | Reached skill level 5 in Dodging
  4508 | D:7      | Reached ***** piety under Trog
  4823 | D:7      | Reached skill level 10 in Axes
  5346 | D:7      | Reached skill level 10 in Fighting
  5501 | D:8      | Noticed equalderp2856's ghost (novice FeFi)
  5514 | D:8      | Killed equalderp2856's ghost
  5674 | D:8      | Found a stormy altar of Qazlal.
  5675 | D:8      | Found a shimmering altar of Xom.
  5680 | D:8      | Found Joer's Assorted Antiques.
  5723 | D:8      | Found a runed door.
  5727 | D:8      | Found a basalt altar of Yredelemnul.
  5886 | D:8      | Reached XP level 10. HP: 94/94 MP: 9/9
  7264 | D:9      | Received a gift from Trog
  7650 | D:9      | Found a staircase to the Lair.
  8098 | D:9      | Found Jyumyqadgh's Gadget Shop.
  8101 | D:9      | Noticed a hill giant
  8105 | D:9      | Killed a hill giant
  8105 | D:9      | Reached XP level 11. HP: 88/104 MP: 10/10
  8129 | D:9      | Found a runed door.
  8267 | D:9      | Noticed a fire dragon
  8275 | D:9      | Killed from afar by a fire dragon

Skill      XL: |  1  2  3  4  5  6  7  8  9 10 |
---------------+-------------------------------+-----
Axes           | 4 5 6 7 9 11 12 | 12.6
Fighting       | 4 5 6 7 9 10 12 | 12.1
Armour         | 3 4 5 7 8 |  8.6
Dodging        | 3 4 5 7 |  7.1

Action                   |  1- 3 |  4- 6 |  7- 9 | 10-12 || total
-------------------------+-------+-------+-------+-------++-------
Melee: Hand axe          |    89 |    57 |       |       ||   146
       Headbutt          |     9 |    13 |    39 |    28 ||    89
       Kick              |    11 |     1 |       |       ||    12
       War axe           |       |    50 |   156 |       ||   206
       Battleaxe         |       |       |   149 |   168 ||   317
Throw: Javelin           |    10 |     1 |     5 |       ||    16
Invok: Berserk           |       |     1 |     2 |     1 ||     4
       Burn Spellbooks   |       |       |     1 |       ||     1
  Use: Potion            |     5 |     4 |     2 |       ||    11
       Scroll            |       |    10 |     7 |     2 ||    19
  Eat: Chunk             |     1 |     6 |    12 |    11 ||    30
       Fruit             |       |       |       |     3 ||     3
Armor: Animal skin       |     4 |       |       |       ||     4
       Plate armour      |    51 |    61 |   224 |    60 ||   396
       Quicksilver drago |       |       |       |    40 ||    40
Dodge: Dodged            |    34 |    47 |   158 |    97 ||   336
